 Dungeon Crawl Stone Soup version 0.19.0-2-gae57169 (webtiles) character file.

41 Alarkh the Grave Robber (level 3, -2/24 HPs)
             Began as a Mummy Necromancer on Nov 5, 2016.
             Slain by an adder (3 damage)
             ... on level 2 of the Dungeon.
             The game lasted 00:01:49 (1852 turns).

Alarkh the Grave Robber (Mummy Necromancer)         Turns: 1852, Time: 00:01:50

Health: -2/24      AC:  3    Str: 11    XL:     3   Next: 32%
Magic:  1/7        EV: 12    Int: 15    God:
Gold:   109        SH:  0    Dex: 12    Spells: 2 memorised, 3 levels left

rFire  x . .     SeeInvis .     h - +2 spear (pierce)
rCold  + . .     Gourm    .     a - +0 robe
rNeg   + + +     Faith    .     (no shield)
rPois  ∞         Spirit   .     (no helmet)
rElec  .         Reflect  .     (no cloak)
rCorr  .         Harm     .     c - +0 pair of gloves
MR     .....                    (no boots)
Stlth  ++........               (no amulet)
                                (no ring)
                                (no ring)

@: no status effects
A: no food or potions, fire vulnerability, cold resistance 1, negative energy
resistance 3, torment resistance, unbreathing
a: no special abilities


You were on level 2 of the Dungeon.
You were not hungry.

You visited 1 branch of the dungeon, and saw 3 of its levels.

You collected 109 gold pieces.

Inventory:

Hand Weapons
 h - a +2 spear of piercing (weapon)
Armour
 a - a +0 robe (worn)
 c - a +0 pair of gloves (worn)
Scrolls
 d - 2 scrolls of teleportation {unknown}
 e - a scroll of identify {unknown}
 f - a scroll of random uselessness
 g - 2 scrolls of amnesia {unknown}
 i - a scroll of fog {unknown}
 j - a scroll of blinking {unknown}
 k - a scroll of remove curse {unknown}
 l - a scroll of magic mapping {unknown}
Books
 b - a book of Necromancy

   Spells                             Type                      Level
   a - Pain                           Necromancy                   1
   b - Animate Skeleton               Necromancy                   1
   c - Vampiric Draining              Necromancy                   3
   d - Regeneration                   Charms/Necromancy            3
   e - Animate Dead                   Necromancy                   4
   f - Control Undead                 Necromancy                   4


   Skills:
 - Level 1.5 Dodging
 - Level 1.5 Stealth
 + Level 2.9 Spellcasting
 + Level 4.5 Necromancy


You had 3 spell levels left.
You knew the following spells:

 Your Spells              Type           Power        Failure   Level  Hunger
a - Pain                  Necr           ###.         3%          1    N/A
b - Vampiric Draining     Necr           ###.......   12%         3    N/A

Dungeon Overview and Level Annotations

Branches:
Dungeon (3/15)

Altars:
Dithmenos


Innate Abilities, Weirdness & Mutations

You do not eat or drink.
Your flesh is vulnerable to fire.
You are immune to poison.
Your flesh is cold resistant. (rC+)
You are immune to negative energy. (rN+++)
You are immune to unholy pain and torment.
You can survive without breathing.


Message History

The leopard gecko closely misses you.
Casting: Pain
Confirm with . or Enter, or press ? or * to list all spells.
Aiming: Pain
Press: ? - help, Shift-Dir - straight line, f/p - leopard gecko
Aim: a leopard gecko (heavily wounded, chance to defeat MR: 85%)
The leopard gecko writhes in agony!
The adder bites you.
* * * LOW HITPOINT WARNING * * *
The leopard gecko bites you but does no damage.
Your magical contamination has completely faded away.
You hit the leopard gecko.
You kill the leopard gecko!
The adder barely misses you. The adder closely misses you.
You hit the adder.
The adder is almost dead.
The adder bites you.
* * * LOW HITPOINT WARNING * * *
The adder barely misses you. The adder bites you.
You die...

##...<..................## ##...
#......................######..#
#..........................##..#
#......................##......#
##...........................#..
##...##.........>.#########.###
######.######....#### #..##
#...!...†.......S# ##.#.
#..........##...@#### #######...
#.........###..#....####.........
############...####..#...###....#
#......#..†............##..
#......#...########........
#..........## ###†..#######
#......###..# #...### #..%...#
##># #.### ######## #.# #.####


You could see an adder.

Vanquished Creatures
  A worm (D:2)
  2 leopard geckos
  An orc (D:3)
  4 giant cockroaches
  3 goblins
  4 hobgoblins (D:1)
  4 jackals
  A quokka (D:2)
  2 bats (D:1)
  3 frilled lizards
  3 kobolds
  3 rats (D:2)
31 creatures vanquished.

Notes
Turn   | Place    | Note
-------+----------+-------------------------------------------
     0 | D:1      | Alarkh the Mummy Necromancer began the quest for the Orb.
     0 | D:1      | Reached XP level 1. HP: 13/13 MP: 3/3
   800 | D:1      | Reached XP level 2. HP: 19/19 MP: 1/5
  1497 | D:2      | Reached XP level 3. HP: 24/24 MP: 7/7
  1502 | D:2      | Learned a level 3 spell: Vampiric Draining
  1566 | D:3      | Found a shadowy altar of Dithmenos.
  1848 | D:2      | HP: 1/24 [adder (3)]
  1852 | D:2      | Slain by an adder

Action                   || total
-------------------------++-------
Melee: Unarmed           ||     9
       Spear             ||    22
 Cast: Pain              ||    55
  Use: Scroll            ||     1
 Stab: Sleeping          ||     1
Armor: Robe              ||     8
Dodge: Dodged            ||    38
